 Dungeon Crawl Stone Soup version 0.26.1-11-gd32895ea62 (webtiles) character file.

Game seed: 295141617350070309

7 Descartes the Grasshopper (level 1, 0/7 HPs)
             Began as a Felid Wanderer on May 1, 2021.
             Slain by a jackal (2 damage)
             ... on level 1 of the Dungeon.
             The game lasted 00:01:50 (89 turns).

Descartes the Grasshopper (Felid Wanderer)            Turns: 89, Time: 00:01:50

Health: 0/7        AC:  1    Str:  9    XL:     1   Next: 83%
Magic:  2/3        EV: 15    Int: 13    God:
Gold:   0          SH:  0    Dex: 14    Spells: 1/2 levels left
                                        Lives:  0   Deaths: 0

rFire    . . .     SeeInvis +     - Unarmed
rCold    . . .     Faith    .   (shield unavailable)
rNeg     . . .     Spirit   .   (armour unavailable)
rPois    .         Reflect  .   (helmet unavailable)
rElec    .         Harm     .   (cloak unavailable)
rCorr    .         Rampage  .   (gloves unavailable)
Will     .....                  (boots unavailable)
Stlth    ++........             (no amulet)
HPRegen  0.02/turn              (no ring)
MPRegen  0.08/turn              (no ring)

@: quick
A: very small, no armour, no weapons or thrown items, stealth, claws 1, fangs 3,
see invisible, speed 1, shaggy fur 1, sharp paws
a: no special abilities


You were on level 1 of the Dungeon.
You visited 1 branch of the dungeon, and saw 1 of its levels.

Inventory:

Scrolls
 a - a scroll of identify {unknown}


   Skills:
 + Level 2.2 Stealth
 + Level 1.0 Unarmed Combat
 - Level 1.0 Spellcasting
 - Level 3.0 Hexes
 - Level 3.0 Translocations
 - Level 1.7 Fire Magic
 - Level 1.0 Poison Magic
 - Level 1.1 Evocations


You had one spell level left.
You knew the following spells:

 Your Spells              Type           Power        Failure   Level
a - Foxfire               Conj/Fire      8%           21%         1

Your spell library contained the following spells:

 Spells                   Type           Power        Failure   Level
 Corona                   Hex            8%           9%          1
 Sandblast                Erth           0%           28%         1
 Ensorcelled Hibernation  Hex/Ice        8%           22%         2
 Confusing Touch          Hex            8%           24%         3
 Tukima's Dance           Hex            8%           24%         3
 Inner Flame              Hex/Fire       6%           32%         3
 Dazzling Flash           Conj/Hex       8%           41%         3
 Stone Arrow              Conj/Erth      0%           63%         3


Dungeon Overview and Level Annotations

Branches:
Dungeon (1/15)

Altars:


Innate Abilities, Weirdness & Mutations

You cannot wear armour.
You are incapable of wielding weapons or throwing items.
Your paws allow you to move quietly. (Stealth)
You have sharp claws.
You have razor-sharp teeth.
You have supernaturally acute eyesight. (SInv)
You cover ground quickly.
You are covered in fur. (AC +1)
Your sharp claws are effective at attacking unaware monsters.


Message History

The jackal is almost dead.
The bat barely misses you. The jackal barely misses you.
You scratch the jackal.
You kill the jackal!
The bat hits you.
* * * LOW HITPOINT WARNING * * *
Your Stealth skill increases to level 2!
You barely miss the jackal. The jackal misses you.
The jackal barely misses you. The bat misses you.
You closely miss the bat. You bite the bat.
You kill the bat!
The jackal barely misses you.
Your Unarmed Combat skill increases to level 1!
You scratch the jackal. Your bite misses the jackal.
The jackal is heavily wounded.
The jackal bites you but does no damage.
You scratch the jackal.
The jackal is almost dead.
The jackal closely misses you. The jackal bites you.
You die...

### ..# #.#
#.######.
########@†......
.......h#######.
#######.#
#########.######
#...§§§§.........
#.#######.#######
#.# #.# #.# #.#
#.# #.#


You could see a jackal.

Vanquished Creatures
  A bat (D:1)
  3 jackals (D:1)
  A kobold (D:1)
5 creatures vanquished.

Vanquished Creatures (others)
  7 foxfires (D:1)
7 creatures vanquished.

Grand Total: 12 creatures vanquished

Notes
Turn   | Place    | Note
-------+----------+-------------------------------------------
     0 | D:1      | Descartes the Felid Wanderer began the quest for the Orb.
     0 | D:1      | Descartes set off with the following items: ; and the
                  | following spells available to memorise: Corona, Foxfire,
                  | Ensorcelled Hibernation, Sandblast, Confusing Touch,
                  | Tukima's Dance, Inner Flame, Dazzling Flash, Stone Arrow
     0 | D:1      | Reached XP level 1. HP: 7/7 MP: 3/3
     2 | D:1      | Learned a level 1 spell: Foxfire
    88 | D:1      | Reached skill level 1 in Unarmed Combat
    89 | D:1      | Slain by a jackal

Illustrated notes

Levels and vault maps discovered:
D:1:      giann_bridges, layout_loops_ring

Skill      XL: |  1 |
---------------+----+-----
Stealth        | 2 |  2.2
Unarmed Combat | 1 |  1.0
Spellcasting   | |  1.0
Hexes          | |  3.0
Translocations | |  3.0
Fire Magic     | |  1.7
Poison Magic   | |  1.0
Evocations     | |  1.1

Action                   || total
-------------------------++-------
Melee: Unarmed           ||    26
       Bite              ||     1
 Cast: Foxfire           ||     5
Armor: Skin              ||     5
Dodge: Dodged            ||    44
